AoeStats
← MythicWizard478

Arabia

509807105Analyzed
1v1 RM · 3d ago on Sep 28, 2026· 45m 30s· 2 players
Game mode
Random Map
Map size
Tiny (2 player)
Population
200
Speed
Normal
Resources
Standard
Victory
Conquest
Starting age
Dark Age
Ending age
Imperial Age
RankedLock teamsTeams togetherTeam positionsShared explorationLock speedFull tech treeHidden civsTurbo modeCheats
Victory
Defeat
🇺🇸 Britons · United States
673
+15
🇨🇳 Persians · China
649
-15
crazypig
7:05 Loom
9:37 Feudal Age
9:57 Double-Bit Axe
15:36 Horse Collar
17:24 Man-at-Arms
19:03 Forging
19:52 Scale Barding Armor
22:56 Castle Age
21:37 Bloodlines
21:40 Scale Mail Armor
24:04 Bow Saw
23:56 Heavy Plow
24:51 Gold Mining
27:11 Stone Mining
32:32 Ballistics
37:15 Kamandaran
38:03 Gold Shaft Mining
37:50 Thumb Ring
38:24 Fletching
38:35 Padded Archer Armor
38:14 Crossbowman
42:00 Bodkin Arrow
42:21 Leather Archer Armor
43:56 Wheelbarrow
MythicWizard478
7:16 Loom
11:13 Feudal Age
11:44 Double-Bit Axe
15:44 Fletching
17:34 Horse Collar
17:49 Gold Mining
25:08 Castle Age
24:24 Stone Mining
24:40 Padded Archer Armor
25:41 Scale Mail Armor
25:27 Crossbowman
25:35 Pikeman
26:53 Squires
28:14 Bodkin Arrow
28:35 Leather Archer Armor
27:52 Elite Skirmisher
29:13 Heavy Plow
30:27 Wheelbarrow
32:42 Gambesons
36:38 Imperial Age
36:30 Gold Shaft Mining
42:54 Arbalester
43:52 Chain Mail Armor
45:15 Bow Saw
Connection lost

Rejoining the realm…

Still unreachable

The connection could not be restored.

Session expired

The server has moved on; the page needs a fresh start.